 Dungeon Crawl Stone Soup version 0.29.1-4-g47bece8355 (webtiles) character file.

Game seed: 4065839393682542716

963 iamoutofideas the Cleaver (level 8, 0/62 HPs)
             Began as a Hill Orc Gladiator on Dec 8, 2022.
             Was an Initiate of Gozag.
             Slain by an ogre
             ... wielding a +0 giant club
              (11 damage)
             ... on level 5 of the Dungeon.
             The game lasted 00:05:35 (6032 turns).

iamoutofideas the Cleaver (Hill Orc Gladiator)      Turns: 6032, Time: 00:05:35

Health: 0/62       AC: 11    Str: 19    XL:     8   Next: 15%
Magic:  8/8        EV:  8    Int:  8    God:    Gozag
Gold:   186        SH:  5    Dex: 12    Spells: 7/7 levels left

rFire   . . .      SeeInvis .   a - +0 war axe
rCold   . . .      Faith    .   (no shield)
rNeg    . . .      Spirit   .   y - +0 chain mail
rPois   .          Reflect  +   c - +0 helmet
rElec   .          Harm     .   q - +0 cloak
rCorr   .          Rampage  .   (no gloves)
Will    .....                   (no boots)
Stlth   ..........              u - amulet of reflection
HPRegen 0.20/turn               (no ring)
MPRegen 0.11/turn               (no ring)

@: weakened
A: no striking features
a: Renounce Religion, Potion Petition, Call Merchant, Bribe Branch


You were on level 5 of the Dungeon.
You worshipped Gozag.
Gozag was aware of your devotion.
You visited 1 branch of the dungeon, and saw 5 of its levels.

You collected 341 gold pieces.
You spent 102 gold pieces at shops.
You paid 53 gold pieces to Gozag.

Inventory:

Hand Weapons
 a - a +0 war axe (weapon)
Missiles
 d - 3 throwing nets (quivered)
 e - 3 javelins
Armour
 c - a +0 helmet (worn)
 q - a +0 cloak (worn)
 y - a +0 chain mail (worn)
Jewellery
 u - an amulet of reflection (around neck)
Wands
 v - a wand of charming (13)
Scrolls
 b - a scroll of enchant weapon {unknown}
 f - a scroll of immolation {unknown}
 g - 2 scrolls of poison {unknown}
 k - 3 scrolls of magic mapping
 l - 4 scrolls of teleportation
 r - a scroll of amnesia {unknown}
 w - a scroll of enchant armour {unknown}
 x - a scroll of noise {unknown}
Potions
 i - 2 potions of mutation
 j - 2 potions of resistance
 n - 5 potions of curing
 o - a potion of brilliance {unknown}
 p - a potion of berserk rage {unknown}
 s - a potion of attraction {unknown}
 t - a potion of lignification {unknown}


   Skills:
 - Level 2.4 Fighting
 + Level 11.9 Axes
 - Level 1.7 Throwing
 + Level 2.8 Armour
 - Level 2.4 Dodging


You had 7 spell levels left.
You didn't know any spells.
Your spell library was empty.

Dungeon Overview and Level Annotations

Branches:
Dungeon (5/15)
 Temple: D:4-7

Altars:
Ashenzari
Dithmenos
Gozag
Makhleb
Uskayaw
Xom

Shops:
D:2 !?(([   D:4 ?


Message History

You slash the howler monkey!
You kill the howler monkey!
You now have 166 gold pieces (gained 7).
You now have enough gold to buy a runed war axe on D:2.
You can access your shopping list by pressing '$'.
You now have 182 gold pieces (gained 16).
You now have 186 gold pieces (gained 4).
Key pressed, stopping explore.
There is a stone staircase leading down here.
You see here a +0 halberd.
You see here a +0 spear.
Things that are here:
a +0 whip; a +0 halberd; a +0 leather armour Key pressed, stopping explore.
An ogre comes into view. It is wielding a +0 giant club.
Found a stone staircase leading down.
An ogre is nearby!
An ogre is nearby!
The gnoll bouda shouts!
You hear a shout!
You hit the ogre.
The ogre is lightly wounded.
The ogre hits you with a +0 giant club.
You barely miss the ogre.
The ogre is lightly wounded.
The gnoll shouts!
You hear a shout!
The gnoll bouda barks out a call to the hunt!
The gnolls pick up the pace!
The ogre hits you with a +0 giant club!!
You hit the ogre but do no damage.
The ogre is lightly wounded.
You barely miss the ogre.
The ogre is lightly wounded.
The ogre hits you with a +0 giant club!!
* * * LOW HITPOINT WARNING * * *
The gnoll bouda gazes fiercely through you!
You feel your attacks grow feeble.
Okay, then.
The ogre attacks as you move away! The ogre hits you with a +0 giant club!
You die...
Your body crumbles into a pile of gold.

....#.#.##
#.._..._.....#.#
#######.#
#........#####..
#.#.##### #.#....### ###
..#.......# #...####
............###...######
...#.#.#.#..............
.# #.......####...#####.
#.#.#.#.#####.##
.......gggO@...#
..#.#.#.#..######
###.......## ####...##
#.... .....>. ###....
##... ##.#


You could see an ogre, a gnoll bouda and 2 gnolls.

Vanquished Creatures
  2 ice beasts (D:5)
  An ogre (D:4)
  A black bear (D:4)
  2 scorpions
  A howler monkey (D:5)
  A jelly (D:5)
  Crazy Yiuf (D:4)
  An orc priest (D:5)
  A gnoll bouda (D:5)
  2 hounds
  An orc wizard (D:3)
  8 adders
  8 gnolls
  A shadow imp (D:5)
  5 dart slugs
  7 orcs
  6 ball pythons
  8 endoplasms
  5 giant cockroaches
  A goblin (D:4)
  7 hobgoblins
  8 kobolds
  6 quokkas
  9 bats
  A frilled lizard (D:1)
  3 rats (D:3)
97 creatures vanquished.

Vanquished Creatures (others)
  2 fungi (D:4)
  A plant (D:4)
3 creatures vanquished.

Grand Total: 100 creatures vanquished

Notes
Turn   | Place    | Note
-------+----------+-------------------------------------------
     0 | D:1      | iamoutofideas the Hill Orc Gladiator began the quest for
                  | the Orb.
     0 | D:1      | Reached XP level 1. HP: 18/18 MP: 1/1
   102 | D:1      | Reached XP level 2. HP: 25/25 MP: 2/2
   344 | D:1      | Reached skill level 5 in Axes
   543 | D:1      | Found a faded altar of an unknown god.
   564 | D:1      | Reached XP level 3. HP: 27/30 MP: 3/3
  1033 | D:2      | Found Fateigry's Antique Armour Shop.
  1046 | D:2      | Found Dikkypta's Antique Weapon Emporium.
  1169 | D:2      | Found Yvikh's Magic Scroll Shop.
  1179 | D:2      | Bought 2 scrolls of identify for 52 gold pieces
  1193 | D:2      | Reached skill level 6 in Axes
  1217 | D:2      | Found Xees's Weapon Emporium.
  1398 | D:2      | Found Asauleul's Distillery.
  1439 | D:2      | Bought a potion of heal wounds for 50 gold pieces
  1639 | D:3      | Reached XP level 4. HP: 37/37 MP: 4/4
  1949 | D:3      | Reached skill level 7 in Axes
  2015 | D:3      | Reached XP level 5. HP: 28/42 MP: 5/5
  2629 | D:4      | Found Ogruiwn's Magic Scroll Emporium.
  2722 | D:4      | Reached skill level 8 in Axes
  2842 | D:4      | Noticed a black bear
  2851 | D:4      | Killed a black bear
  2852 | D:4      | Reached XP level 6. HP: 25/50 MP: 6/6
  3077 | D:4      | Reached skill level 9 in Axes
  3476 | D:4      | Found a burning altar of Makhleb.
  3638 | D:4      | Found an opulent altar of Gozag.
  3643 | D:4      | Became a worshipper of Gozag Ym Sagoz the Greedy
  3715 | D:4      | Found a runed translucent door.
  3716 | D:4      | Noticed Crazy Yiuf
  4031 | D:4      | Killed Crazy Yiuf
  4183 | D:5      | Entered Level 5 of the Dungeon
  4294 | D:5      | Reached skill level 10 in Axes
  4294 | D:5      | Reached XP level 7. HP: 56/56 MP: 7/7
  4504 | D:5      | Found a hide-covered altar of Uskayaw.
  4506 | D:5      | Found a broken altar of Ashenzari.
  4506 | D:5      | Found a shadowy altar of Dithmenos.
  4506 | D:5      | Found a shimmering altar of Xom.
  5431 | D:5      | Reached skill level 11 in Axes
  5470 | D:5      | Reached skill level 1 in Armour
  5777 | D:5      | Reached XP level 8. HP: 56/62 MP: 8/8
  6032 | D:5      | Slain by an ogre

Illustrated notes

Levels and vault maps discovered:
D:1:      co_arrival_random_square_maze, layout_loops_ring,
          dreamdust_ecumenical_altar_angels_and_demons, minmay_cupped
D:2:      layout_loops_cross, serial_shops, shop, nicolae_shop_stone,
          nicolae_shop_bloodbath_and_beyond, shop, shop_statue
D:3:      layout_loops_cross, serial_park_tiny_2, minmay_cut_off
D:4:      layout_cave_pools, marbit_many_paths, kennysheep_little_box,
          serial_forest, infiniplex_forest_clump_double,
          infiniplex_forest_lined_4_way, infiniplex_forest_end_double,
          infiniplex_forest_side_room, infiniplex_forest_lined_room_3,
          infiniplex_forest_straight_4, infiniplex_forest_lined_4_way,
          infiniplex_forest_lined_4_way, infiniplex_forest_clump_double,
          serial_shops, nicolae_stop_n_shop_2, dk_noncrumbling_3,
          uniq_crazy_yiuf_cottage
D:5:      layout_loops_ring, grunt_temple_overflow_open,
          serial_co_window_serial, co_window_of_opportunity_a,
          co_window_cross_1, co_window_corner_a, co_window_paths_a,
          co_window_corner_a, co_window_of_opportunity_b, co_window_corner_b,
          co_window_2corner, co_window_paths_e, co_window_4corner_b,
          glass_columns_c, glass_columns_a, glass_columns_b, glass_columns_a,
          glass_columns_b

Skill      XL: |  1  2  3  4  5  6  7 |
---------------+----------------------+-----
Axes           | 5 6 7 8 10 11 | 11.9
Armour         | 2 |  2.8
Fighting       | |  2.4
Throwing       | |  1.7
Dodging        | |  2.4

Action                   |  1- 3 |  4- 6 |  7- 9 || total
-------------------------+-------+-------+-------++-------
Melee: War axe           |    85 |   142 |    97 ||   324
       Punch             |     1 |     1 |     2 ||     4
Evoke: Wand              |       |     1 |       ||     1
  Use: Scroll            |     2 |     3 |     1 ||     6
       Potion            |       |     3 |       ||     3
Armor: Ring mail         |    51 |    49 |       ||   100
       Leather armour    |     2 |       |       ||     2
       Chain mail        |       |     9 |    39 ||    48
Dodge: Dodged            |    59 |    73 |    31 ||   163
Block: Other             |       |     6 |    28 ||    34
